 Dungeon Crawl Stone Soup version 0.24.0-123-gd5b16e6ec5 (webtiles) character file.

Game seed: 9107716652347655886, levelgen mode: deterministic

146 Elellon the Chopper (level 5, -2/46 HPs)
             Began as a Deep Dwarf Fighter on Jan 15, 2020.
             Slain by an ogre
             ... wielding a +0 giant club
              (13 damage)
             ... on level 4 of the Dungeon.
             The game lasted 00:04:31 (2223 turns).

Elellon the Chopper (Deep Dwarf Fighter)            Turns: 2223, Time: 00:04:31

Health: -2/46      AC: 12    Str: 20    XL:     5   Next: 7%
Magic:  5/5        EV:  5    Int:  9    God:
Gold:   110        SH:  9    Dex: 12    Spells: 4/4 levels left

rFire    . . .     SeeInvis .   a - +0 war axe
rCold    . . .     Gourm    .   c - +0 shield
rNeg     . . .     Faith    .   s - +0 chain mail
rPois    .         Spirit   .   (no helmet)
rElec    .         Reflect  .   (no cloak)
rCorr    +         Harm     .   l - +2 pair of gloves
MR       +....                  (no boots)
Stlth    ..........             (no amulet)
HPRegen  0.00/turn              q - ring of protection from magic
MPRegen  0.09/turn              r - ring of resist corrosion

@: non-regenerating
A: damage resistance, heal wounds, sense surroundings 1, no regeneration
a: Heal Wounds


You were on level 4 of the Dungeon.
You were not hungry.

You visited 1 branch of the dungeon, and saw 4 of its levels.

You collected 110 gold pieces.

Inventory:

Hand Weapons
 a - a +0 war axe (weapon)
Armour
 c - a +0 shield (worn)
 l - a +2 pair of gloves (worn)
 s - a +0 chain mail (worn)
Jewellery
 q - a ring of protection from magic (left hand)
 r - a ring of resist corrosion (right hand)
Scrolls
 b - a scroll of magic mapping {unknown}
 e - a scroll of enchant weapon {unknown}
 h - a scroll of immolation {unknown}
 j - a scroll of noise {unknown}
 k - 3 scrolls of remove curse
 m - 3 scrolls of teleportation {unknown}
 p - 3 scrolls of identify
 u - a scroll of enchant armour {unknown}
Potions
 d - 2 potions of might
 i - 3 potions of curing {unknown}
 n - 2 potions of cancellation {unknown}
 o - 2 potions of heal wounds {unknown}
 t - 2 potions of degeneration {unknown}
 v - a potion of brilliance {unknown}
Comestibles
 f - 5 rations
 g - 5 chunks of flesh


   Skills:
 - Level 2.6 Fighting
 + Level 5.8 Axes
 - Level 3.2 Armour
 - Level 3.2 Shields


You had 4 spell levels left.
You didn't know any spells.
Your spell library was empty.

Dungeon Overview and Level Annotations

Branches:
Dungeon (4/15)
 Temple: D:4-7

Altars:

Shops:
D:4 *

Annotations:
D:3 3 runed translucent doors, NeAGen181's ghost, amateur DDNe
D:4 Blork the orc


Innate Abilities, Weirdness & Mutations

You are resistant to damage.
You can heal yourself by infusing magical energy.
You passively map a small area around you.
You do not regenerate.


Message History

Blork the orc hits you but does no damage.
You hit Blork the orc.
Blork the orc is heavily wounded.
You barely miss the ogre.
Blork the orc screams, "I'll cover the dungeon with your blood!"
You block Blork the orc's attack. The ogre hits you with a +0 giant club.
Your chain mail prevents you from hitting Blork the orc.
Blork the orc is heavily wounded.
Your shield and chain mail prevent you from hitting the ogre.
Blork the orc gestures at you while chanting.
The magic dart hits you.
The ogre hits you with a +0 giant club!!
* * * LOW HITPOINT WARNING * * *
Blork the orc completely misses you.
You barely miss Blork the orc.
Blork the orc is heavily wounded.
Your shield and chain mail prevent you from hitting the ogre.
Blork the orc hits you with a +0 short sword.
The ogre hits you with a +0 giant club!
You die...

* * , * * # ,,
, #., , #...###
.......###### *
.?...#O.....##
,
,......o@.....#
...#?∩.###..<##
** .......
##...## .#####.
##...####..# #.
##.......# * ..
##......# *.#
######## . * ,
,*


You could see Blork the orc and an ogre.

Vanquished Creatures
  3 gnolls (D:3)
  3 adders
  3 oozes
  2 worms
  A leopard gecko (D:2)
  4 orcs (D:3)
  3 ball pythons
  3 giant cockroaches
  9 goblins
  5 hobgoblins
  5 jackals
  9 kobolds
  A quokka (D:3)
  6 bats
  5 frilled lizards
  6 rats
68 creatures vanquished.

Vanquished Creatures (others)
  3 fungi (D:3)
  A plant (D:3)
4 creatures vanquished.

Grand Total: 72 creatures vanquished

Notes
Turn   | Place    | Note
-------+----------+-------------------------------------------
     0 | D:1      | Elellon the Deep Dwarf Fighter began the quest for the Orb.
     0 | D:1      | Reached XP level 1. HP: 20/20 MP: 1/1
   326 | D:1      | Reached skill level 3 in Axes
   326 | D:1      | Reached XP level 2. HP: 22/27 MP: 2/2
   847 | D:2      | Reached XP level 3. HP: 24/33 MP: 3/3
  1229 | D:3      | Reached skill level 4 in Axes
  1312 | D:3      | Reached XP level 4. HP: 16/40 MP: 4/4
  1321 | D:3      | Noticed a big kobold
  1321 | D:3      | Identified the +4 dagger of the Sea {drain, +Rage rPois rC-
                  | Stlth-}
  1328 | D:3      | Noticed NeAGen181's ghost (amateur DDNe)
  1331 | D:3      | Found a runed translucent gate.
  1331 | D:3      | Found a runed translucent gate.
  1331 | D:3      | Found a runed translucent gate.
  1432 | D:3      | Reached skill level 5 in Axes
  1926 | D:2      | Reached XP level 5. HP: 22/46 MP: 5/5
  2214 | D:4      | Found Dyub's Assorted Antiques.
  2215 | D:4      | Noticed Blork the orc
  2216 | D:4      | Noticed an ogre
  2223 | D:4      | Slain by an ogre

Levels and vault maps discovered:
D:1:      psy_arrival_basics, layout_loops_corners
D:2:      kb_forest_paths, layout_loops_ring
D:3:      layout_basic, gammafunk_ghost_nasty_kobolds, lemuel_statue_altar
D:4:      layout_layer_cave, serial_shops, nicolae_shop_stone,
          chequers_serial_rivers_micro_a, uniq_blork_the_orc

Skill      XL: |  1  2  3  4 |
---------------+-------------+-----
Axes           | 3 4 5 |  5.8
Fighting       | |  2.6
Armour         | |  3.2
Shields        | |  3.2

Action                   |  1- 3 |  4- 6 || total
-------------------------+-------+-------++-------
Melee: War axe           |    86 |   124 ||   210
 Abil: Heal Wounds       |       |     2 ||     2
  Use: Scroll            |       |     2 ||     2
  Eat: Chunk             |     1 |     4 ||     5
Armor: Scale mail        |    53 |    23 ||    76
       Chain mail        |       |    37 ||    37
Dodge: Dodged            |    29 |    24 ||    53
Block: Shield            |    58 |    66 ||   124
